Map: Rifts to Korhal

Players

NamroodTuo

  • Race: Zerg Zerg

Prof

  • Race: Terran Terran
  • Spawn Location: 7:00

VOD

Have the link to the VOD?

Description

Time

  • Played on: Jan. 9, 2023, 1:16 p.m.
  • Length: 24:14
Show
View Real Time Build Order
Export as new Build Order

NamroodTuo Zerg 

Build Orders:  

Get SALT Encoding   

  12  0:12  Overlord  
  12  0:19  Infested SCV  
  13  0:26  Infested SCV  
  14  0:31  Infested SCV  
  15  0:51  Infested Barracks  
  15  1:10  Infested SCV  
  15  1:12  Infested SCV  
  15  1:13  Infested SCV  
  18  1:22  Infested SCV  
  19  1:38  Infested SCV  
  20  1:55  Infestation Level 1  
  20  1:59  Infested SCV  
  21  2:13  Infested Engineering Bay  
  21  2:15  Infested SCV  
  22  2:36  Overlord  
  22  2:47  Infested SCV  
  23  3:01  Infested Marine x3  
  30  3:22  Infested Bunker  
  30  3:24  Infested SCV  
  30  3:27  Overlord  
  31  3:32  Overlord  
  31  3:50  Infested Refinery  
  31  3:54  Infested SCV, Infested Refinery  
  32  4:15  Infested Marine  
  32  4:16  Infested Marine x3  
  36  4:20  Overlord  
  36  4:21  Overlord  
  36  4:34  Infested Bunker  
  40  4:42  Infested SCV  
  38  5:01  Infested SCV  
  38  5:06  Infested SCV  
  40  5:13  Infested Marine  
  40  5:14  Infested Marine x13  
  54  5:37  Overlord  
  54  5:39  Regenerative Plating  
  54  5:53  Infested SCV  
  54  5:55  Infested SCV  
  52  6:13  Infested Barracks Tech Lab  
  52  6:27  Infested Barracks  
  52  6:29  Infested Barracks  
  52  6:39  Stukov Infantry Weapons Level 1  
  38  7:13  Infested Barracks  
  38  7:39  Retinal Augmentation  
  38  7:41  Infested Factory  
  38  7:43  Infestation Level 2  
  42  8:21  Infested Bunker  
  42  8:58  Infested Marine  
  42  8:59  Infested Marine x10  
  53  9:14  Infested Armory  
  53  9:19  Stukov Infantry Armor Level 1  
  53  9:38  Plagued Munitions  
  53  9:41  Overlord x4  
  53  9:42  Overlord  
  53  9:43  Anaerobic Enhancement  
  53  10:11  Infested Command Center  
  53  10:15  Infested Missile Turret  
  53  10:43  Broodling Gestation  
  42  11:13  Infested Bunker  
  46  11:21  Infested Marine x3  
  49  11:37  Infested Marine x3  
  52  11:59  Calcified Armor  
  52  12:04  Infested Marine x7  
  52  12:05  Infested Marine x7  
  66  12:15  Infested SCV x2  
  66  12:16  Infested SCV x2  
  70  12:37  Overlord x3  
  70  12:38  Overlord x2  
  63  12:52  Infested Marine x3  
  63  12:53  Infested Marine x10  
  63  12:59  Stukov Infantry Weapons Level 2  
  73  13:10  Infested Marine  
  73  13:11  Infested Marine x7  
  73  13:12  Infested Marine x13  
  93  13:33  Infested Marine x4  
  93  13:34  Infested Marine x15  
  99  14:03  Infested SCV  
  99  14:04  Infested SCV x4  
  104  14:15  Infestation Level 3  
  94  14:53  Infested SCV  
  94  14:54  Infested SCV x2  
  77  15:04  Infested Bunker  
  85  15:14  Infested SCV  
  67  15:20  Overlord x3  
  67  15:21  Overlord x2  
  67  15:27  Infested SCV  
  68  15:49  Infested SCV  
  69  15:54  Infested Bunker  
  69  16:09  Stukov Infantry Armor Level 2  
  77  16:10  Infested Bunker  
  77  16:24  Infested Marine  
  77  16:25  Infested Marine x13  
  77  16:26  Infested Marine x9  
  100  16:56  Infested Marine  
  100  16:57  Infested Marine x12  
  100  16:58  Infested Marine x18  
  100  16:59  Infested Marine x2  
  133  17:00  Infested Bunker  
  141  17:53  Infested Bunker  
  113  18:22  Infested Marine  
  113  18:23  Infested Marine x11, Infested Bunker  
  113  18:24  Infested Marine x21  
  113  18:25  Infested Marine x3  
  127  18:44  Infested Marine x2  
  127  18:45  Infested Marine x21  
  127  18:46  Infested Marine x2  
  141  18:56  Infested Marine  
  141  18:57  Infested Marine x18  
  141  18:58  Infested Marine x11  
  171  19:12  Infested Bunker  
  171  19:19  Stukov Infantry Weapons Level 3  
  170  19:32  Infested Marine  
  170  19:33  Infested Marine x8  
  170  19:34  Infested Marine x18  
  197  20:02  Infested Marine  
  197  20:03  Infested Marine x2  
  140  20:47  Infested Marine  
  140  20:48  Infested Marine x17  
  140  20:49  Infested Marine x14  
  132  20:52  Infested SCV x3  
  132  20:53  Infested SCV x2  
  130  21:03  Infested Bunker  
  132  21:24  Infested Marine x6  
  132  21:25  Infested Marine x19  
  154  21:53  Infested Bunker  
  141  22:23  Infested Marine x4  
  141  22:24  Infested Marine x23  
  149  22:46  Infested Bunker  
  122  23:15  Infested Marine x6  
  122  23:16  Infested Marine x20  
  122  23:17  Infested Marine x15  
  163  23:45  Infested Marine  
  163  23:46  Infested Marine x9  
  163  23:47  Infested Marine x21  
  163  23:48  Infested Marine x6  
Show
View Real Time Build Order
Export as new Build Order

Prof Terran 

Build Orders:  

Get SALT Encoding   

  12  0:04  SCV  
  13  0:21  SCV  
  14  0:38  SCV  
  15  0:46  Barracks  
  15  1:04  Supply Depot  
  15  1:07  SCV  
  16  1:24  SCV  
  16  1:27  Supply Depot  
  17  1:34  Marine  
  18  1:41  SCV  
  18  1:44  Marine  
  18  1:47  Supply Depot  
  20  1:53  Refinery  
  20  1:54  Marine  
  20  1:58  SCV  
  22  2:04  Marine  
  23  2:14  Marine  
  23  2:15  SCV  
  25  2:25  Marine  
  26  2:35  Marine  
  26  2:38  SCV  
  28  2:45  Marine  
  29  3:25  SCV  
  30  3:38  Barracks Tech Lab  
  30  3:42  SCV  
  31  3:59  SCV  
  32  4:14  Medic  
  32  4:17  Command Center  
  34  4:29  SCV  
  35  4:39  Refinery  
  35  4:40  Medic  
  35  4:46  SCV  
  38  6:01  Medic  
  40  6:11  Medic  
  40  6:12  SCV  
  43  6:22  Marine  
  43  6:23  SCV  
  43  6:29  SCV  
  46  6:30  Refinery  
  46  6:32  Marine  
  46  6:38  Barracks  
  47  6:40  SCV  
  47  6:42  Marine  
  47  6:46  SCV  
  50  6:52  Marine  
  50  6:55  Unknown  
  50  6:57  SCV  
  52  7:02  Marine  
  52  7:03  SCV  
  52  7:06  Refinery  
  54  7:14  Barracks  
  54  7:21  Supply Depot  
  54  7:22  Marine  
  54  7:24  SCV x2, Supply Depot  
  54  7:25  Supply Depot  
  54  7:27  Supply Depot  
  54  7:29  Supply Depot  
  57  7:32  Marine  
  58  7:41  SCV x2  
  58  7:49  Barracks  
  60  7:52  Barracks Tech Lab  
  60  7:53  Barracks Tech Lab  
  60  7:58  SCV  
  61  8:10  SCV  
  61  8:15  SCV  
  63  8:23  Barracks, Marine  
  63  8:24  Marauder, Medic  
  63  8:27  SCV  
  69  8:32  SCV, Marine  
  69  8:34  Medic  
  73  8:44  SCV  
  73  8:45  Unknown, Concussive Shells  
  72  9:01  SCV  
  73  9:10  Barracks Reactor  
  73  9:11  Barracks Reactor  
  73  9:20  Barracks  
  73  9:35  Engineering Bay  
  73  9:38  SCV  
  74  9:45  Stabilizer Medpacks  
  74  9:54  Barracks, SCV  
  75  10:07  Marine  
  75  10:08  Marauder, Medic  
  80  10:20  Marine  
  80  10:21  Medic  
  80  10:22  Marauder  
  80  10:28  Barracks  
  80  10:29  SCV  
  86  10:40  Supply Depot  
  86  10:42  Supply Depot  
  86  10:43  Supply Depot  
  86  10:46  SCV  
  87  10:56  Supply Depot  
  87  10:58  Supply Depot  
  87  11:00  Supply Depot  
  87  11:03  SCV  
  87  11:04  Barracks  
  87  11:06  Supply Depot  
  87  11:08  Supply Depot  
  87  11:09  Marine  
  88  11:10  Marine x3  
  92  11:20  SCV  
  92  11:28  Barracks Reactor x3  
  93  11:37  SCV  
  94  11:56  Marine x4  
  94  11:57  Marine x4  
  98  12:06  Marine x2  
  104  12:12  Supply Depot  
  104  12:22  SCV  
  105  12:30  Orbital Command  
  105  12:35  Supply Depot  
  105  12:37  Supply Depot  
  105  12:38  Supply Depot  
  105  12:39  SCV  
  106  12:40  Supply Depot  
  106  12:42  Supply Depot  
  106  12:56  SCV  
  94  13:05  Marine x2  
  94  13:06  Marine x4  
  94  13:07  Marine x3  
  101  13:13  SCV  
  100  14:47  Marine x2  
  100  14:48  Marine x3  
  100  14:49  Medic x2  
  100  14:50  Medic  
  100  14:59  Orbital Command, Medic  
  111  15:00  Medic x2  
  111  15:09  Medic  
  117  15:12  Marine  
  117  15:13  Marine x2  
  117  15:14  Medic x2  
  117  15:15  Marine x2  
  117  15:16  Marine x5  
  117  15:17  Marine  
  93  15:20  Medic  
  134  15:23  Marine x3  
  134  15:24  Marine  
  134  15:25  Medic  
  134  15:29  Marine x4  
  142  15:30  Marine x4, Medic  
  142  15:33  Marine x3  
  142  15:35  Medic x2  
  142  15:39  Marine x3  
  159  15:40  Marine x4, Medic  
  168  16:10  Marine x2  
  168  16:11  Marine x3  
  168  16:14  Marine  
  164  16:23  Marine x4  
  164  16:24  Marine x3  
  164  16:39  Marine  
  164  16:40  Marine x4  
  169  16:53  Marine x2  
  169  16:54  Marine x4  
  175  17:04  Marine  
  175  17:05  Marine x5  
  175  17:06  Marine x3  
  184  17:14  Marine x4  
  184  17:15  Marine x3  
  191  17:26  Marine  
  191  17:27  Marine x5  
  192  17:45  Marine x4  
  192  17:46  Marine x2, SCV  
  197  17:55  Marine  
  197  17:56  Marine x4  
  196  18:19  Marine x2  
  191  18:20  Marine x2  
  191  18:21  SCV  
  194  19:23  Marine x3  
  194  19:24  Marine  
  194  19:26  Medic  
  194  19:27  Medic  
  200  19:46  Marine  
  200  19:47  Marine x2  
  172  21:29  Marine x2  
  172  21:30  Marine x3  
  172  21:33  Marine x4  
  172  21:34  Medic x2  
  172  22:10  Marine x3  
  172  22:19  Marine x4  
  160  22:20  Marine x2  
  160  22:22  Marine x3  
  160  22:23  Marine x3  
  164  22:36  Marine x4  
  156  22:59  Marine x2  
  139  23:00  Marine x2  
  155  23:11  Marine x2  
  155  23:12  Marine x3  
  155  23:14  Marine x2  
  155  23:15  Marine x3  
  161  23:28  Marine x3  
  161  23:29  Marine x3  
  141  23:31  Marine x2  
  141  23:32  Marine x5  
  141  23:33  Marine  
  141  23:38  Marine x2  
  141  23:39  Marine  
  155  23:46  Marine x4  
  155  23:48  Marine  
  155  23:49  Marine x3  
Tags
 
Commander
RaynorStukov
Matchup
Co-op
Replay Pack
Multiplayer
Add a new tag
Caveats
  • Supply blocks, unpowered buildings, or Contaminate may cause inaccurate times.
  • Supply counts are checked every 10 seconds.